| TOP OF THE 1ST |
|
Greenville Drive batting - Pitching for Quad Cities River Bandits : RHP Isaiah McLaurin
|
|
Pitching: RHP Isaiah McLaurin
|
|
|
Batting: RHB Tony Nunez
|
0-0: SINGLE (Line Drive, 89S, EV 108.1 MPH)
|
|
Batting: LHB Carlos Guerra
|
0-0: Called Strike 0-1: Ball 1-1: Ball 2-1: Ball 3-1: Called Strike 3-2: Strikes out swinging Tony Nunez steals 2nd base Batter strikes out.
|
|
Batting: RHB Jim Hubbard
|
0-0: Called Strike Tony Nunez steals 3rd base 0-1: Ground out U3 (Groundball, 34S, EV 85.6 MPH) Tony Nunez scores
|
|
Batting: LHB Eddie Contreras
|
0-0: Ball 1-0: Foul Ball, location: 2F 1-1: Foul Ball, location: 2F 1-2: Ball 2-2: Foul Ball, location: 2F 2-2: Ball 3-2: Foul Ball, location: 2F 3-2: Base on Balls
|
|
Batting: SHB Robert Soto
|
0-0: Called Strike 0-1: Foul Ball, location: 2F 0-2: Strikes out swinging
|
| Top of the 1st over - 1 run, 1 hit, 0 errors, 1 left on base; Greenville 1 - Quad Cities 0 |
| BOTTOM OF THE 1ST |
|
Quad Cities River Bandits batting - Pitching for Greenville Drive : RHP Justin Swenson
|
|
Pitching: RHP Justin Swenson
|
|
|
Batting: LHB Glenn Lowther
|
0-0: Ball 1-0: Foul Ball, location: 2F 1-1: Fly out, F8 (Flyball, 8RM, EV 73.8 MPH)
|
|
Batting: RHB Sean Mounts
|
0-0: Foul Ball, location: 2F 0-1: Ground out 4-3 (Groundball, 4S, EV 68.8 MPH)
|
|
Batting: LHB Danny Wolver
|
0-0: Foul Ball, location: 2F 0-1: Ball 1-1: Fly out, F8 (Line Drive, 8LM, EV 90.0 MPH)
|
| Bottom of the 1st over - 0 runs, 0 hits, 0 errors, 0 left on base; Greenville 1 - Quad Cities 0 |
| TOP OF THE 2ND |
|
Greenville Drive batting - Pitching for Quad Cities River Bandits : RHP Isaiah McLaurin
|
|
Batting: RHB Alex Cardenas
|
0-0: Ball 1-0: Called Strike 1-1: Foul Ball, location: 2F 1-2: Ball 2-2: Ball 3-2: Foul Ball, location: 2F 3-2: Foul Ball, location: 2F 3-2: Foul Ball, location: 2F 3-2: Base on Balls
|
|
Batting: RHB Bobby Schimke
|
0-0: Called Strike 0-1: Ball 1-1: Ball 2-1: Ball 3-1: Foul Ball, location: 2F 3-2: Fly out, F8 (Flyball, 8RM, EV 83.8 MPH)
|
|
Batting: RHB Scott Hawkins
|
0-0: Called Strike 0-1: Fly out, F8 (Flyball, 8LD, EV 104.4 MPH)
|
|
Batting: RHB Roger Mitchell
|
0-0: Called Strike 0-1: Ball 1-1: Called Strike 1-2: Strikes out swinging
|
| Top of the 2nd over - 0 runs, 0 hits, 0 errors, 1 left on base; Greenville 1 - Quad Cities 0 |
| BOTTOM OF THE 2ND |
|
Quad Cities River Bandits batting - Pitching for Greenville Drive : RHP Justin Swenson
|
|
Batting: LHB Bob Govella
|
0-0: Ball 1-0: Ground out 5-3 (Groundball, 56D, EV 98.1 MPH)
|
|
Batting: RHB Alex Campos
|
0-0: Called Strike 0-1: Ball 1-1: SINGLE (Groundball, 56D, EV 96.9 MPH)
|
|
Batting: RHB Tristan Lewis
|
0-0: Ball 1-0: Called Strike 1-1: Fly out, F7 (Line Drive, 7, EV 87.5 MPH)
|
|
Batting: RHB Reginald McDougall
|
0-0: Called Strike 0-1: Swinging Strike 0-2: Strikes out swinging
|
| Bottom of the 2nd over - 0 runs, 1 hit, 0 errors, 1 left on base; Greenville 1 - Quad Cities 0 |
| TOP OF THE 3RD |
|
Greenville Drive batting - Pitching for Quad Cities River Bandits : RHP Isaiah McLaurin
|
|
Batting: RHB Tony Nunez
|
0-0: Called Strike 0-1: Ball 1-1: Foul Ball, location: 2F 1-2: Foul Ball, location: 2F 1-2: Strikes out swinging
|
|
Batting: LHB Carlos Guerra
|
0-0: Foul Ball, location: 2F 0-1: Ball 1-1: Foul Ball, location: 2F 1-2: SOLO HOME RUN (Flyball, 89XD, EV 101.9 MPH), Distance : 391 ft
|
|
Batting: RHB Jim Hubbard
|
0-0: Ball 1-0: Called Strike 1-1: Ball 2-1: Ball 3-1: Called Strike 3-2: SOLO HOME RUN (Flyball, 7LD, EV 93.1 MPH), Distance : 370 ft
|
|
Batting: LHB Eddie Contreras
|
0-0: Foul Ball, location: 2F 0-1: Swinging Strike 0-2: Strikes out looking
|
|
Batting: SHB Robert Soto
|
0-0: Ball 1-0: Called Strike 1-1: Ball 2-1: Ball 3-1: SOLO HOME RUN (Flyball, 9D, EV 96.9 MPH), Distance : 359 ft
|
|
Batting: RHB Alex Cardenas
|
0-0: Ball 1-0: Foul Ball, location: 2F 1-1: Foul Ball, location: 2F 1-2: Foul Ball, location: 2F 1-2: Ground out 4-3 (Groundball, 13, EV 86.2 MPH)
|
| Top of the 3rd over - 3 runs, 3 hits, 0 errors, 0 left on base; Greenville 4 - Quad Cities 0 |
| BOTTOM OF THE 3RD |
|
Quad Cities River Bandits batting - Pitching for Greenville Drive : RHP Justin Swenson
|
|
Batting: RHB Ray Souza
|
0-0: Called Strike 0-1: Ball 1-1: Ground out 5-3 (Groundball, 56, EV 82.5 MPH)
|
|
Batting: RHB Lee Wright
|
0-0: Called Strike 0-1: Fly out, F9 (Line Drive, 9D, EV 93.1 MPH)
|
|
Batting: LHB Glenn Lowther
|
0-0: Ground out 6-3 (Groundball, 6M, EV 108.8 MPH)
|
| Bottom of the 3rd over - 0 runs, 0 hits, 0 errors, 0 left on base; Greenville 4 - Quad Cities 0 |
| TOP OF THE 4TH |
|
Greenville Drive batting - Pitching for Quad Cities River Bandits : RHP Isaiah McLaurin
|
|
Batting: RHB Bobby Schimke
|
0-0: SINGLE (Line Drive, 8RS, EV 88.8 MPH)
|
|
Batting: RHB Scott Hawkins
|
0-0: Swinging Strike 0-1: SINGLE (Groundball, 4S, EV 63.1 MPH) (infield hit) Bobby Schimke to second
|
|
Batting: RHB Roger Mitchell
|
0-0: Ball 1-0: Ball 2-0: SINGLE (Groundball, 5S, EV 68.8 MPH) (infield hit) Bobby Schimke to third Scott Hawkins to second
|
|
Batting: RHB Tony Nunez
|
0-0: Called Strike 0-1: Swinging Strike 0-2: Strikes out swinging
|
|
Batting: LHB Carlos Guerra
|
0-0: Called Strike 0-1: Ball 1-1: Fielders Choice at 2nd, 3-6 (Groundball, 3, EV 98.1 MPH) Bobby Schimke scores Scott Hawkins to third
|
|
Batting: RHB Jim Hubbard
|
0-0: Called Strike 0-1: Ball 1-1: DOUBLE (Line Drive, 89M, EV 87.5 MPH) Scott Hawkins scores Carlos Guerra to third Runner from 3rd tries for Home, SAFE, throw by RF to trailing runner, OUT at third! 9-3-5
|
| Top of the 4th over - 3 runs, 4 hits, 0 errors, 0 left on base; Greenville 7 - Quad Cities 0 |
| BOTTOM OF THE 4TH |
|
Quad Cities River Bandits batting - Pitching for Greenville Drive : RHP Justin Swenson
|
|
Batting: RHB Sean Mounts
|
0-0: Called Strike 0-1: Foul Ball, location: 2F 0-2: Foul Ball, location: 2F 0-2: Foul Ball, location: 2F 0-2: Ball 1-2: Strikes out looking
|
|
Batting: LHB Danny Wolver
|
0-0: Ball 1-0: Foul Ball, location: 2F 1-1: Ball 2-1: Ball 3-1: Foul Ball, location: 2F 3-2: Base on Balls
|
|
Batting: LHB Bob Govella
|
0-0: Called Strike 0-1: Ball 1-1: Ball 2-1: Ball 3-1: SINGLE (Line Drive, 3D, EV 94.4 MPH) Danny Wolver to second
|
|
Batting: RHB Alex Campos
|
0-0: Fly out, F9 (Flyball, 9, EV 91.2 MPH)
|
|
Batting: RHB Tristan Lewis
|
0-0: Ball 1-0: Ball 2-0: Ball 3-0: Base on Balls Danny Wolver to third Bob Govella to second
|
|
Batting: RHB Reginald McDougall
|
0-0: Ball 1-0: Ball 2-0: Foul Ball, location: 2F 2-1: Ball 3-1: Base on Balls Danny Wolver scores Bob Govella to third Tristan Lewis to second
|
|
Batting: RHB Ray Souza
|
0-0: Swinging Strike 0-1: Foul Ball, location: 2F 0-2: Ball 1-2: Ball 2-2: SINGLE (Groundball, 56D, EV 101.2 MPH) Bob Govella scores Tristan Lewis to third Reginald McDougall to second Runner from 3rd tries for Home, SAFE, throw by LF to home
|
|
Batting: RHB Lee Wright
|
0-0: Called Strike 0-1: Fly out, F6 (Line Drive, 6, EV 63.8 MPH)
|
| Bottom of the 4th over - 3 runs, 2 hits, 0 errors, 2 left on base; Greenville 7 - Quad Cities 3 |
| TOP OF THE 5TH |
|
Greenville Drive batting - Pitching for Quad Cities River Bandits : RHP Isaiah McLaurin
|
|
Pitching: RHP Omar Pineda
|
|
|
Batting: LHB Eddie Contreras
|
0-0: Ball 1-0: Swinging Strike 1-1: Called Strike 1-2: Ball 2-2: Strikes out swinging
|
|
Batting: SHB Robert Soto
|
0-0: Foul Ball, location: 2F 0-1: Reached on error, E5 (Groundball, 56, EV 108.8 MPH)
|
|
Batting: RHB Alex Cardenas
|
0-0: Called Strike 0-1: Foul Ball, location: 2F 0-2: Fly out, F8 (Flyball, 8RXD, EV 83.8 MPH)
|
|
Batting: RHB Bobby Schimke
|
0-0: Called Strike 0-1: SINGLE (Line Drive, 4MD, EV 87.5 MPH) Robert Soto to second Runner from 2nd tries for 3rd, SAFE, throw by CF made to third
|
|
Batting: RHB Scott Hawkins
|
0-0: Ground out 5-3 (Groundball, 56S, EV 83.8 MPH)
|
| Top of the 5th over - 0 runs, 1 hit, 1 error, 2 left on base; Greenville 7 - Quad Cities 3 |
| BOTTOM OF THE 5TH |
|
Quad Cities River Bandits batting - Pitching for Greenville Drive : RHP Justin Swenson
|
|
Batting: LHB Glenn Lowther
|
0-0: Ball 1-0: SINGLE (Groundball, 4MD, EV 100.0 MPH)
|
|
Batting: RHB Sean Mounts
|
0-0: Ball Glenn Lowther is caught stealing 2nd base 2-4 1-0: Foul Ball, location: 2F 1-1: Foul Ball, location: 2F 1-2: Ball 2-2: Fly out, F9 (Flyball, 9, EV 90.0 MPH)
|
|
Batting: LHB Danny Wolver
|
0-0: Ball 1-0: SINGLE (Flyball, 8LS, EV 85.6 MPH)
|
|
Batting: LHB Bob Govella
|
0-0: Ball 1-0: Foul Ball, location: 2F 1-1: Called Strike 1-2: Strikes out swinging
|
| Bottom of the 5th over - 0 runs, 2 hits, 0 errors, 1 left on base; Greenville 7 - Quad Cities 3 |
| TOP OF THE 6TH |
|
Greenville Drive batting - Pitching for Quad Cities River Bandits : RHP Omar Pineda
|
|
Batting: RHB Roger Mitchell
|
0-0: Ball 1-0: Ball 2-0: Swinging Strike 2-1: Foul Ball, location: 2F 2-2: Strikes out swinging
|
|
Batting: RHB Tony Nunez
|
0-0: Fly out, F7 (Flyball, 78S, EV 93.1 MPH)
|
|
Batting: LHB Carlos Guerra
|
0-0: Called Strike 0-1: Foul Ball, location: 2F 0-2: Strikes out swinging
|
| Top of the 6th over - 0 runs, 0 hits, 0 errors, 0 left on base; Greenville 7 - Quad Cities 3 |
| BOTTOM OF THE 6TH |
|
Quad Cities River Bandits batting - Pitching for Greenville Drive : RHP Justin Swenson
|
|
Batting: RHB Alex Campos
|
0-0: Ball 1-0: Ball 2-0: Ball 3-0: Swinging Strike 3-1: Called Strike 3-2: Strikes out swinging
|
|
Batting: RHB Tristan Lewis
|
0-0: Ball 1-0: Ball 2-0: Called Strike 2-1: Ball 3-1: Swinging Strike 3-2: SINGLE (Groundball, 25, EV 73.8 MPH) (infield hit)
|
|
Batting: RHB Reginald McDougall
|
0-0: Ball 1-0: Fly out, F3 (Popup, 3SF, EV 80.0 MPH)
|
|
Batting: RHB Ray Souza
|
0-0: Ball 1-0: Ground out 3-1 (Groundball, 34S, EV 71.9 MPH)
|
| Bottom of the 6th over - 0 runs, 1 hit, 0 errors, 1 left on base; Greenville 7 - Quad Cities 3 |
| TOP OF THE 7TH |
|
Greenville Drive batting - Pitching for Quad Cities River Bandits : RHP Omar Pineda
|
|
Batting: RHB Jim Hubbard
|
0-0: Ball 1-0: Ball 2-0: Ball 3-0: Base on Balls
|
|
Batting: LHB Eddie Contreras
|
0-0: Fielders Choice at 2nd, 4-6 (Groundball, 4, EV 75.6 MPH)
|
|
Batting: SHB Robert Soto
|
0-0: DOUBLE (Flyball, 8RXD, EV 112.5 MPH) Eddie Contreras to third
|
|
Batting: RHB Alex Cardenas
|
0-0: Called Strike 0-1: Foul Ball, location: 2F 0-2: Ball 1-2: Strikes out looking
|
|
Batting: RHB Bobby Schimke
|
0-0: Ground out U3 (Groundball, 34, EV 85.6 MPH)
|
| Top of the 7th over - 0 runs, 1 hit, 0 errors, 2 left on base; Greenville 7 - Quad Cities 3 |
| BOTTOM OF THE 7TH |
|
Quad Cities River Bandits batting - Pitching for Greenville Drive : RHP Justin Swenson
|
|
Batting: RHB Lee Wright
|
0-0: Called Strike 0-1: Swinging Strike 0-2: Foul Ball, location: 2F 0-2: Ball 1-2: Ball 2-2: Foul Ball, location: 2F 2-2: Hit by Pitch
|
|
Pitching: LHP Josh Turner
|
|
|
Batting: LHB Glenn Lowther
|
0-0: Ball 1-0: SINGLE (Groundball, 6MD, EV 95.0 MPH) Lee Wright to second
|
|
Batting: RHB Sean Mounts
|
0-0: Ball 1-0: Called Strike 1-1: Fly out, F9 (Line Drive, 9, EV 95.0 MPH)
|
|
Batting: LHB Danny Wolver
|
0-0: Fly out, F8 (Flyball, 78M, EV 90.0 MPH)
|
|
Pinch Hitting: RHB Tim Persson
|
0-0: SINGLE (Line Drive, 34, EV 94.4 MPH) Lee Wright to third Glenn Lowther to second Runner from 3rd tries for Home, SAFE, throw by RF to home
|
|
Batting: RHB Alex Campos
|
0-0: Fly out, F8 (Flyball, 78XD, EV 91.9 MPH)
|
| Bottom of the 7th over - 1 run, 2 hits, 0 errors, 2 left on base; Greenville 7 - Quad Cities 4 |
| TOP OF THE 8TH |
|
Greenville Drive batting - Pitching for Quad Cities River Bandits : RHP Omar Pineda
|
|
Pitching: RHP Gabe Torres
|
|
|
Now in RF: Jackson Trottier
|
|
|
Batting: RHB Scott Hawkins
|
0-0: Ball 1-0: SINGLE (Line Drive, 78S, EV 92.5 MPH)
|
|
Batting: RHB Roger Mitchell
|
0-0: Bunt missed! 0-1: Sac Bunt to 13 - play at first, batter OUT! 1-3 Scott Hawkins to second
|
|
Batting: RHB Tony Nunez
|
0-0: Ball 1-0: Ground out 5-3 (Groundball, 56, EV 100.0 MPH)
|
|
Batting: LHB Carlos Guerra
|
0-0: Ball 1-0: Ball 2-0: Foul Ball, location: 2F 2-1: Ball 3-1: Base on Balls
|
|
Batting: RHB Jim Hubbard
|
0-0: Foul Ball, location: 2F 0-1: Ball 1-1: Foul Ball, location: 2F 1-2: Ball 2-2: Strikes out swinging
|
| Top of the 8th over - 0 runs, 1 hit, 0 errors, 2 left on base; Greenville 7 - Quad Cities 4 |
| BOTTOM OF THE 8TH |
|
Quad Cities River Bandits batting - Pitching for Greenville Drive : LHP Josh Turner
|
|
Now at 2B: Bobby Schimke
|
|
|
Now at 3B: Roger Mitchell
|
|
|
Now at SS: Adugna Chandu
|
|
|
Batting: RHB Tristan Lewis
|
0-0: Foul Ball, location: 2F 0-1: Ball 1-1: Ball 2-1: Ball 3-1: Called Strike 3-2: Strikes out swinging
|
|
Batting: RHB Reginald McDougall
|
0-0: Ground out 1-3 (Groundball, 13S, EV 70.0 MPH)
|
|
Batting: RHB Ray Souza
|
0-0: Ball 1-0: Foul Ball, location: 2F 1-1: Ball 2-1: Foul Ball, location: 2F 2-2: Strikes out swinging
|
| Bottom of the 8th over - 0 runs, 0 hits, 0 errors, 0 left on base; Greenville 7 - Quad Cities 4 |
| TOP OF THE 9TH |
|
Greenville Drive batting - Pitching for Quad Cities River Bandits : RHP Gabe Torres
|
|
Pitching: RHP Carlos Zavala
|
|
|
Batting: LHB Eddie Contreras
|
0-0: Called Strike 0-1: Swinging Strike 0-2: Fly out, F9 (Flyball, 9LSF, EV 93.1 MPH)
|
|
Batting: SHB Robert Soto
|
0-0: Called Strike 0-1: Ball 1-1: Fly out, F7 (Flyball, 7D, EV 98.1 MPH)
|
|
Batting: RHB Adugna Chandu
|
0-0: Fly out, F8 (Flyball, 89M, EV 77.5 MPH)
|
| Top of the 9th over - 0 runs, 0 hits, 0 errors, 0 left on base; Greenville 7 - Quad Cities 4 |
| BOTTOM OF THE 9TH |
|
Quad Cities River Bandits batting - Pitching for Greenville Drive : LHP Josh Turner
|
|
Pitching: RHP Ross Ratcliffe
|
|
|
Batting: RHB Lee Wright
|
0-0: Ball 1-0: Called Strike 1-1: Swinging Strike 1-2: Strikes out swinging
|
|
Batting: LHB Glenn Lowther
|
0-0: Foul Ball, location: 2F 0-1: Foul Ball, location: 2F 0-2: Strikes out swinging
|
|
Batting: RHB Sean Mounts
|
0-0: Called Strike 0-1: Swinging Strike 0-2: Strikes out swinging
|
| Bottom of the 9th over - 0 runs, 0 hits, 0 errors, 0 left on base; Greenville 7 - Quad Cities 4 |
|